AoeStats
← HanniBaalTricks

African Clearing

505157563Analyzed
2v2 RM · 25d ago on Sep 8, 2026· 59m 44s· 4 players
Game mode
Random Map
Map size
Medium (4 player)
Population
200
Speed
Normal
Resources
Standard
Victory
Conquest
Starting age
Dark Age
Ending age
Imperial Age
RankedLock teamsTeams togetherTeam positionsShared explorationLock speedFull tech treeHidden civsTurbo modeCheats
Victory
Defeat
🇵🇪 Maya · Peru
1328
+11
🇵🇪 Hindustanis · Peru
1074
+21
🇨🇴 Chinese · Colombia
1203
-16
🇨🇴 Poles · Colombia
1197
-16
HanniBaalTricks
4:11 Loom
14:15 Feudal Age
15:16 Double-Bit Axe
18:04 Horse Collar
25:28 Castle Age
30:21 Imperial Age
28:00 Crossbowman
28:47 Padded Archer Armor
28:38 Fletching
29:04 Thumb Ring
35:04 Bodkin Arrow
36:43 Chemistry
36:01 Bracer
36:42 Arbalester
37:39 Town Watch
40:02 Leather Archer Armor
43:54 Light Cavalry
44:41 Scale Barding Armor
46:15 Cavalier
48:17 Chain Barding Armor
49:07 Conscription
49:23 Ballistics
51:02 Forging
51:32 Treadmill Crane
52:00 Siege Engineers
53:29 Elite Skirmisher
54:53 Husbandry
55:45 Lechitic Legacy
58:03 Iron Casting
58:03 Bloodlines
57:56 Husbandry
59:21 Szlachta Privileges
FishX
3:31 Loom
16:12 Feudal Age
17:35 Double-Bit Axe
25:34 Castle Age
26:18 Squires
26:57 Scale Mail Armor
27:05 Horse Collar
27:44 Bow Saw
29:25 Fletching
34:34 Wheelbarrow
34:42 Heavy Plow
43:26 Imperial Age
42:04 Hand Cart
42:11 Hand Cart
42:14 Pikeman
43:12 Chain Mail Armor
43:08 Forging
45:52 Plate Mail Armor
45:31 Elite Fire Lancer
46:49 Iron Casting
46:05 Arson
47:55 Conscription
48:42 Halberdier
51:08 Blast Furnace
53:21 Scale Barding Armor
54:55 Light Cavalry
56:48 Bloodlines
AAM peacemaker
3:14 Loom
12:58 Feudal Age
17:37 Castle Age
15:36 Double-Bit Axe
17:36 Horse Collar
19:15 Bow Saw
19:15 Squires
18:36 Pikeman
20:57 Heavy Plow
25:57 Wheelbarrow
30:19 Bloodlines
30:10 Husbandry
30:42 Hand Cart
30:19 Light Cavalry
31:54 Masonry
31:39 Murder Holes
31:54 Gold Mining
31:54 Stone Mining
33:24 Gold Shaft Mining
32:42 Town Watch
34:03 Ballistics
38:03 Imperial Age
35:32 Elite Skirmisher
35:33 Crossbowman
36:07 Fletching
36:18 Padded Archer Armor
37:14 Stone Shaft Mining
37:34 Town Patrol
38:01 Forging
39:40 Coinage
40:16 Chemistry
39:28 Fortified Wall
39:28 Scale Barding Armor
40:06 Thumb Ring
42:00 Two-Man Saw
43:36 Fervor
43:47 Sanctity
46:12 Conscription
46:28 Hoardings
45:54 Grand Trunk Road
45:38 Heavy Camel Rider
47:07 Banking
47:21 Iron Casting
47:06 Chain Barding Armor
46:46 Scale Mail Armor
46:48 Padded Archer Armor
46:43 Bodkin Arrow
46:10 Hussar
46:45 Guard Tower
49:43 Imperial Camel Rider
51:28 Shatagni
53:42 Blast Furnace
53:17 Plate Barding Armor
53:09 Leather Archer Armor
theblademaster
4:00 Loom
12:59 Feudal Age
17:41 Castle Age
16:14 Stone Mining
23:58 Fletching
25:24 Town Watch
27:14 Bodkin Arrow
28:37 Gold Mining
40:00 Padded Archer Armor
40:42 Ballistics
41:30 Stone Shaft Mining
42:33 Horse Collar
43:17 Heavy Plow
43:55 Wheelbarrow
44:15 Masonry
52:30 Imperial Age
53:46 Hand Cart
52:57 Capped Ram
54:35 Caravan
55:11 Conscription
55:56 Crop Rotation
58:01 Bracer
59:20 Leather Archer Armor
Connection lost

Rejoining the realm…

Still unreachable

The connection could not be restored.

Session expired

The server has moved on; the page needs a fresh start.